 Dungeon Crawl Stone Soup version 0.29.0-4-gdea44cf6ec (webtiles) character file.

Game seed: 14732728249567544849

1281 112233 the Gouger (level 8, -4/39 HPs)
             Began as a Felid Monk on Aug 26, 2022.
             Was an Initiate of Gozag.
             Slain by a killer bee (6 damage)
             ... on level 8 of the Dungeon.
             The game lasted 00:21:30 (12592 turns).

112233 the Gouger (Felid Monk)                     Turns: 12592, Time: 00:21:30

Health: -4/39      AC:  2    Str:  7    XL:     8   Next: 29%
Magic:  9/9        EV: 23    Int: 13    God:    Gozag
Gold:   441        SH:  0    Dex: 19    Spells: 7/7 levels left
                                        Lives:  0   Deaths: 2

rFire   . . .      SeeInvis +     - Unarmed
rCold   . . .      Faith    .   (shield unavailable)
rNeg    . . .      Spirit   .   (body armour unavailable)
rPois   .          Reflect  .   (helmet unavailable)
rElec   .          Harm     .   (cloak unavailable)
rCorr   .          Rampage  .   (gloves unavailable)
Will    +....                   (boots unavailable)
Stlth   ++++......              (no amulet)
HPRegen 0.93/turn               i - ring of flight
MPRegen 0.11/turn               (no ring)

@: lethally poisoned (-4 -> -11), flying, quick
A: very small, claws 1, fangs 3, see invisible, speed 1, shaggy fur 2, stealthy
paws, no weapons or thrown items, no armour, multi-lived, regeneration 1,
evolution 1, subdued magic 1
a: Renounce Religion, Potion Petition, Call Merchant, Bribe Branch


You were on level 8 of the Dungeon.
You worshipped Gozag.
Gozag was aware of your devotion.
You visited 2 branches of the dungeon, and saw 10 of its levels.

You collected 1105 gold pieces.
You spent 294 gold pieces at shops.
You paid 370 gold pieces to Gozag.

Inventory:

Jewellery
 i - a ring of flight (left paw)
Scrolls
 c - 2 scrolls of amnesia
 d - a scroll of summoning
 e - a scroll of enchant weapon
 f - 3 scrolls of magic mapping
 g - a scroll of fog
 h - 2 scrolls of enchant armour
 j - a scroll of immolation
 l - 3 scrolls of noise
Potions
 a - 2 potions of degeneration
 m - 2 potions of resistance
 o - a potion of magic
 p - a potion of curing


   Skills:
 + Level 6.7 Fighting
 + Level 8.9 Dodging
 + Level 7.5 Stealth
 * Level 9.2 Unarmed Combat


You had 7 spell levels left.
You didn't know any spells.
Your spell library contained the following spells:

 Spells                   Type           Power      Damage    Failure   Level
 Call Canine Familiar     Summ           0%         N/A       63%         3
 Gell's Gravitas          Tloc           0%         N/A       63%         3
 Lesser Beckoning         Tloc           0%         N/A       63%         3
 Teleport Other           Tloc           0%         N/A       63%         3
 Fulminant Prism          Conj/Hex       0%         3d6       96%         4
 Iskenderun's Mystic Bla  Conj/Tloc      0%         2d3       96%         4
 Leda's Liquefaction      Hex/Erth       0%         N/A       96%         4
 Lee's Rapid Deconstruct  Erth           0%         3d5*      100%        5
 Portal Projectile        Hex/Tloc       Unusable   N/A       N/A         3

Dungeon Overview and Level Annotations

Branches:
Dungeon (9/15)             Temple (1/1) D:6
   Lair: D:8-11         Orc: D:9-12

Altars:
Cheibriados
Dithmenos
Elyvilon
Fedhas
Gozag
Kikubaaqudgha
Makhleb
Okawaru
Ru
Sif Muna
Uskayaw
Wu Jian
Zin

Shops:
D:2 =!(?   D:4 =*   D:6 =

Annotations:
D:3 exclusion: downstairs


Innate Abilities, Weirdness & Mutations

You have sharp claws.
You have razor-sharp teeth.
You have supernaturally acute eyesight. (SInv)
You cover ground quickly. (Speed+)
You are covered in thick fur. (AC +2)
Your paws help you pounce on unaware monsters.
You are incapable of wielding weapons or throwing items.
You cannot wear armour.
You gain extra lives every three experience levels.
Your natural rate of healing is unusually fast.
You have hidden genetic potential.
Your spells are a little easier to cast, but a little less powerful.


Message History

The killer bee misses you. x2; The killer bee barely misses you.
The killer bee completely misses you.
You closely miss the killer bee. Your bite misses the killer bee.
The killer bee barely misses you. The killer bee closely misses you. x2
The killer bee misses you. The killer bee stings you.
You claw the killer bee!
The killer bee is heavily wounded.
The killer bee misses you. The killer bee barely misses you.
The killer bee completely misses you. The killer bee barely misses you.
The killer bee stings you! The killer bee misses you.
The killer bee stings you.
The killer bee completely misses you. x2
The killer bee barely misses you.
You closely miss the killer bee. The killer bee stings you.
* * * LOW HITPOINT WARNING * * *
The killer bee stings you.
* * * LOW HITPOINT WARNING * * *
You are poisoned.
The killer bee poisons you! The killer bee barely misses you.
The killer bee completely misses you. The killer bee closely misses you.
Unknown command.
You claw the killer bee!
The killer bee is severely wounded.
You feel sick. The killer bee misses you. The killer bee closely misses you.
The killer bee stings you.
* * * LOW HITPOINT WARNING * * *
The killer bee completely misses you. The killer bee closely misses you.
The killer bee stings you but does no damage.
The killer bee completely misses you. The killer bee misses you.
The killer bee barely misses you. The killer bee completely misses you.
You scratch the killer bee.
The killer bee is severely wounded.
The killer bee stings you but does no damage.
The killer bee misses you. x2; The killer bee stings you.
* * * LOW HITPOINT WARNING * * *
You are lethally poisoned!
The killer bee poisons you! The killer bee closely misses you.
The killer bee barely misses you. x3; The killer bee completely misses you.
The killer bee stings you.
You die...
Your body crumbles into a pile of gold.

#....y............#....h#
...##....##.....##...'.....o
...##....##.....##...#.....#
........y#......######......
.......)>#.......# #......
........y#..(....# #......
#+###..y.######### #......
#....##y.[..# #.....[
#.....y@....# ####...
#.....yyy...... #...
#.............. +...
#.............. #...
#+############# ##... .....
#..... #..... .....


You could see 5 killer bees.

Vanquished Creatures
  A troll (D:6)
  Prince Ribbit (D:5)
  A wyvern (D:9)
  A yak (D:9)
  An acid dragon (D:9)
  2 water moccasins
  A black bear (D:6)
  An ice beast (D:6)
  2 ogres (D:5)
  A phantom (D:4)
  A kobold brigand (D:4)
  2 scorpions (D:5)
  3 necrophages
  4 wights
  4 killer bees
  3 howler monkeys
  A hound (D:4)
  2 gnoll boudas
  2 orc priests
  5 iguanas
  An orc wizard (D:4)
  4 gnolls
  11 adders
  2 worms
  6 dart slugs
  24 orcs
  4 bats
  An endoplasm (D:3)
  3 giant cockroaches
  6 goblins
  7 hobgoblins
  6 jackals
  10 quokkas
  7 ball pythons
  4 frilled lizards
  7 kobolds
  A quokka zombie (D:6)
  3 rats
  A rat zombie (D:6)
147 creatures vanquished.

Notes
Turn   | Place    | Note
-------+----------+-------------------------------------------
     0 | D:1      | 112233 the Felid Monk began the quest for the Orb.
     0 | D:1      | Reached XP level 1. HP: 10/10 MP: 2/2
   104 | D:1      | Gained mutation: You have a pair of small horns on your
                  | head. [potion of mutation]
   104 | D:1      | Gained mutation: You are weak. (Str -2) [potion of
                  | mutation]
   114 | D:1      | Reached XP level 2. HP: 8/14 MP: 3/3
   467 | D:1      | Found a faded altar of an unknown god.
   792 | D:1      | Reached XP level 3. HP: 16/17 MP: 4/4
  1411 | D:2      | Found Apumele's Jewellery Shop.
  1480 | D:2      | Found Ezueffa's Magic Scroll Shoppe.
  1489 | D:2      | Bought a scroll of identify for 20 gold pieces
  1489 | D:2      | Bought a scroll of identify for 20 gold pieces
  1489 | D:2      | Bought a scroll of teleportation for 30 gold pieces
  2000 | D:3      | Reached XP level 4. HP: 11/21 MP: 5/5
  2034 | D:4      | Noticed a phantom
  2038 | D:4      | Found Nanoescha's General Store.
  2090 | D:4      | Reached skill level 4 in Unarmed Combat
  2112 | D:4      | Found an ornate altar of the Wu Jian Council.
  2112 | D:4      | Found a shadowy altar of Dithmenos.
  2112 | D:4      | Found a blossoming altar of Fedhas.
  2112 | D:4      | Found a hide-covered altar of Uskayaw.
  2233 | D:4      | Reached XP level 5. HP: 11/24 MP: 6/6
  2569 | D:4      | Reached skill level 5 in Dodging
  3102 | D:4      | Found Gustriv's Jewellery Shop.
  3117 | D:3      | Found a white marble altar of Elyvilon.
  3139 | D:5      | Entered Level 5 of the Dungeon
  3210 | D:6      | Found a staircase to the Ecumenical Temple.
  3217 | D:6      | Noticed an ice beast
  3222 | Temple   | Entered the Ecumenical Temple
  3314 | Temple   | Became a worshipper of Gozag Ym Sagoz the Greedy
  3405 | D:6      | Noticed an orc warrior
  3750 | D:5      | Reached skill level 5 in Stealth
  3783 | D:5      | Gained mutation: You are covered in thick fur. (AC +2)
                  | [Felid growth]
  3783 | D:5      | Reached XP level 6. HP: 25/28 MP: 7/7
  4234 | D:4      | Reached skill level 5 in Unarmed Combat
  4341 | D:3      | Identified the +4 whip "Kaepp" {chaos, Fragile rPois
                  | Stlth+}
  4888 | D:2      | Found Napirruh's Weapon Emporium.
  5086 | D:2      | Found Gusysh's Distillery.
  5095 | D:2      | Bought a potion of heal wounds for 70 gold pieces
  5095 | D:2      | Bought a potion of invisibility for 112 gold pieces
  5095 | D:2      | Bought a potion of lignification for 42 gold pieces
  5940 | D:4      | Reached XP level 7. HP: 15/32 MP: 8/8
  6677 | D:5      | Noticed Prince Ribbit
  6694 | D:5      | Killed Prince Ribbit
  6695 | D:5      | Reached skill level 6 in Unarmed Combat
  7245 | D:5      | Lost mutation: You are weak. (Str -2) [potion of mutation]
  7245 | D:5      | Lost mutation: You have a pair of small horns on your head.
                  | [potion of mutation]
  7245 | D:5      | Gained mutation: You are dopey. (Int -2) [potion of
                  | mutation]
  7245 | D:5      | Gained mutation: You passively map a small area around you.
                  | [potion of mutation]
  8077 | D:6      | Reached skill level 5 in Fighting
  8077 | D:6      | Reached XP level 8. HP: 26/37 MP: 9/9
  8220 | D:7      | Noticed a troll
  8652 | D:5      | Reached skill level 7 in Unarmed Combat
  9705 | D:6      | Found Alaimatt's Jewellery Boutique.
  9746 | D:6      | Killed a troll
  9747 | D:6      | Reached skill level 8 in Unarmed Combat
 10149 | D:5      | You are sucked into a shaft and drop 2 floors!
 10174 | D:7      | Slain by a steam dragon
 10175 | D:7      | Reached XP level 7. HP: 0/34 MP: 8/8
 10348 | D:7      | HP: 1/32 [wight/+3 trident (1)]
 11059 | D:6      | Reached XP level 8. HP: 23/38 MP: 9/9
 11192 | D:6      | Lost mutation: You are dopey. (Int -2) [potion of mutation]
 11192 | D:6      | Lost mutation: You passively map a small area around you.
                  | [potion of mutation]
 11192 | D:6      | Gained mutation: You have hidden genetic potential. [potion
                  | of mutation]
 11192 | D:6      | Gained mutation: Your spells are a little easier to cast,
                  | but a little less powerful. [potion of mutation]
 11192 | D:6      | Gained mutation: Your natural rate of healing is unusually
                  | fast. [potion of mutation]
 12049 | D:9      | Slain by a killer bee
 12050 | D:9      | Reached XP level 7. HP: 0/35 MP: 8/8
 12234 | D:9      | Noticed a wyvern
 12241 | D:9      | Killed a wyvern
 12242 | D:9      | Reached skill level 9 in Unarmed Combat
 12242 | D:9      | Reached XP level 8. HP: 39/39 MP: 9/9
 12592 | D:8      | Slain by a killer bee

Illustrated notes

Levels and vault maps discovered:
D:1:      minmay_arrival_loop, layout_basic, ebering_ecumenical_altar_box
D:2:      layout_basic, serial_shops, shop_statue, nicolae_shop_stone,
          shop_statue, nicolae_shop_bloodbath_and_beyond, minmay_unequal
D:3:      layout_loops_ring, mainiacjoe_overflow_boulevard
D:4:      layout_layer_cave, chequers_temple_overflow_statue_of_worship,
          serial_shops, nicolae_stop_n_shop_2, nicolae_stop_n_shop_2,
          nicolae_concentric_dashed_squares_wild
D:5:      minmay_skewed_foursquare, layout_loops_ring, minmay_diced_spiral,
          uniq_prince_ribbit1
D:6:      layout_loops_cross, minmay_temple_entry_sparse_star, serial_shops,
          nicolae_shop_stone, nicolae_shop_hallway_plus, enter_ossuary_4,
          sword_in_stone, uniq_blork_the_orc
D:7:      layout_basic, serial_shops, kennysheep_mini_moat,
          nicolae_shop_competitors_out_of_business, nicolae_lakefront_shop
D:8:      layout_gridville, solitary_fountain, minivault_27
D:9:      layout_stronghold, dreamdust_wishing_well, kb_lookout_dungeons_type,
          minmay_shop_grid_forest, uniq_harold
Temple:   minmay_crystal_spiral_temple

Skill      XL: |  1  2  3  4  5  6  7  8 |
---------------+-------------------------+-----
Stealth        | 3 4 5 6 7 |  7.5
Unarmed Combat | 4 5 9 8 |  9.2
Dodging        | 5 8 7 |  8.9
Fighting       | 4 6 |  6.7

Action                   |  1- 3 |  4- 6 |  7- 9 || total
-------------------------+-------+-------+-------++-------
Melee: Unarmed           |   100 |   212 |   320 ||   632
       Bite              |     9 |    36 |    38 ||    83
       Headbutt          |    11 |    34 |     7 ||    52
       Punch             |       |    12 |    13 ||    25
Invok: Potion Petition   |       |       |     2 ||     2
  Use: Potion            |     3 |    10 |    10 ||    23
       Scroll            |     3 |     1 |    10 ||    14
 Stab: Sleeping          |    11 |     8 |     6 ||    25
       Distracted        |       |     1 |     3 ||     4
Armor: Skin              |     4 |     8 |    31 ||    43
Dodge: Dodged            |    69 |   147 |   384 ||   600
